 Dungeon Crawl Stone Soup version 0.18-a0-1577-gf591c28 (webtiles) character file.

2296 4thArraOfDagon the Cleaver (level 9, -1/81 HPs)
             Began as a Deep Dwarf Fighter on Mar 19, 2016.
             Was an Elder of Cheibriados.
             Slain by an earth elemental (25 damage)
             ... summoned by a deep elf mage
             ... on level 8 of the Dungeon.
             The game lasted 00:12:01 (1650 turns).

4thArraOfDagon the Cleaver (Deep Dwarf Fighter)     Turns: 1650, Time: 00:12:01

Health: -1/81      AC: 11    Str: 30    XL:     9   Next: 17%
Magic:  16/21      EV: 13    Int: 25    God:    Cheibriados [****..]
Gold:   154        SH: 12    Dex: 30    Spells: 0 memorised, 8 levels left

rFire  . . .     SeeInvis .     D - +0 hand axe (chop) (curse)
rCold  . . .     Gourm    .     v - +4 ring mail of Luenk {rPois}
rNeg   . . .     Faith    .     c - +0 shield
rPois  +         Spirit   .     j - +0 helmet "Pehoat" {MP+9 Dex+7} (curse)
rElec  .         Dismiss  .     (no cloak)
rCorr  .         Reflect  .     (no gloves)
SustAt .         Harm     .     (no boots)
MR     +....                    (no amulet)
Stlth  ++........               z - ring of flight
                                y - +4 ring of intelligence

@: non-regenerating, drained, very slow, somewhat resistant to hostile
enchantments, unstealthy
A: damage resistance, recharge devices, sense surroundings 2, slow regeneration
3
a: Device Recharging, Bend Time, Temporal Distortion, Slouch, Renounce Religion,
Evoke Flight


You were on level 8 of the Dungeon.
You worshipped Cheibriados.
Cheibriados was greatly pleased with you.
You were hungry.

You visited 1 branch of the dungeon, and saw 8 of its levels.
You also visited: Sewer.

You collected 154 gold pieces.

Inventory:

Hand Weapons
 a - a +1 war axe
 D - a cursed +0 hand axe of chopping (weapon)
Armour
 c - a +0 shield (worn)
 j - the cursed +0 helmet "Pehoat" (worn) {MP+9 Dex+7}
   (You took it off Robin on level 2 of the Dungeon)

   It affects your dexterity (+7).
   It affects your magic capacity (+9).
   It has a curse placed upon it.
 v - the +4 ring mail of Luenk (worn) {rPois}
   (You found it on level 5 of the Dungeon)

   It protects you from poison.
Jewellery
 y - a +4 ring of intelligence (left hand)
 z - a ring of flight (right hand)
Wands
 e - a wand of heal wounds (5/9)
 n - a wand of disintegration (8/24)
 w - a wand of flame (19/48)
 A - a wand of acid (6/15)
 C - a wand of lightning (6/15)
Scrolls
 h - 6 scrolls of magic mapping
 p - a scroll of recharging
 q - 3 scrolls of teleportation
Potions
 b - 2 potions of brilliance
 d - 4 potions of might
 i - a potion of heal wounds {unknown}
 k - a potion of curing
 m - 2 potions of resistance
 o - 3 potions of magic
 r - a potion of haste
 s - a potion of agility {unknown}
 u - 3 potions of cure mutation
 x - a potion of invisibility {unknown}
Books
 l - a book of Fire

   Spells                             Type                      Level
   a - Ignite Poison                  Fire/Transmutation/Poison    3
   b - Fireball                       Conjuration/Fire             5
   c - Bolt of Fire                   Conjuration/Fire             6
   d - Delayed Fireball               Conjuration/Fire             7
   e - Ring of Flames                 Charms/Fire                  7
Comestibles
 f - 4 bread rations
 g - 2 meat rations


   Skills:
 + Level 5.2(4.5) Fighting
 * Level 8.4(7.6) Axes
 + Level 6.5(5.8) Armour
 + Level 4.5(3.8) Dodging
 - Level 3.2(2.6) Shields
 + Level 6.4(5.7) Invocations


You had 8 spell levels left.
You didn't know any spells.

Dungeon Overview and Level Annotations

Branches:
Dungeon (8/15)
 Temple: D:4-7         Lair: D:8-11

Altars:
Cheibriados
Fedhas
Ru
Zin


Innate Abilities, Weirdness & Mutations

You are resistant to damage.
You can recharge devices by infusing magical energy.
You passively map the area around you.
You do not regenerate naturally.


Message History

You hit the earth elemental but do no damage. x2
You slash the howler monkey!
You kill the howler monkey!
Cheibriados appreciates the change of pace.
The deep elf mage hits you but does no damage.
The howler monkey hoots and howls with incredible vigour!
You block the earth elemental's attack.
You hear an angry hiss.
Unknown command.
You can feel time thicken for a moment.
You kill the howler monkey!
Cheibriados appreciates the change of pace.
You feel somewhat more hungry.
You can no longer step out of the time flow.
Cheibriados lowers the support of your attributes as your movement quickens.
The deep elf mage casts a spell at you. The bolt of magma hits you!
* * * LOW HITPOINT WARNING * * *
The earth elemental hits you!!
You die...

*,* ###.#)#............,,,,,,,*
*,* #....)..........###******,*
*,**#.#.#)............l*,* *,*
*,*.....#.#..8...8..#..*,****,**
**,###.#.#.#..#...#..#,,*,*,,,,,,
,,,,.....#.#..#...#,.#,,,,,,,*,**
***##.,#.#.#..#...#,,#,,,,*,,*,*
#,,#...#..#Ee.#,,*,,,,*,,*,*
*****,,#...#..#.@E#,,*,,,,*,,*,**
,,,,,,,,,,,#..#''E#,,*,>,,*,,*,,,
,,,,,,,*,,,#..+../+,,*,,,,,,,,,,,
,,,,,,,,,,,*,,+...+,,*,,,,*,**,**
****,,,*,*,*,,+...+,,*,,,**,,,,,,
* *,,,,,,,***#####***,,,,,,,,,**
* *,*,*,,,,,,,,,,,,,,,***,**,***
****,*,***,,,*,*,,**,,** *,**,,,,
,,,,,*,,,,,,,*,*,,,*,,* *,******


You could see 3 earth elementals and a deep elf mage.

Vanquished Creatures
  Pikel (D:5)
  Grinder (D:6)
  The ghost of Amnesiac the Conjurer, an amateur DEWz (D:7)
  An orc warrior (D:7)
  A sky beast (D:7)
  An ogre (D:8)
  A centaur (D:7)
  3 giant frogs
  A water moccasin zombie (D:6)
  A water moccasin skeleton (D:6)
  2 scorpions
  5 wights (D:8)
  2 howler monkeys (D:8)
  A centaur zombie (D:6)
  An orc priest (D:4)
  Terence (D:3)
  3 iguanas
  2 orc wizards
  A worker ant (D:7)
  Robin (D:2)
  9 adders
  4 river rats (Sewer)
  A shadow imp (D:7)
  2 oozes
  6 giant geckos
  16 orcs
  6 giant cockroaches
  7 goblins (D:2)
  7 hobgoblins
  9 jackals
  A kobold (D:2)
  19 ball pythons
  3 bats (D:2)
  A giant gecko skeleton (D:6)
  2 giant gecko zombies (D:6)
  2 giant newts
  24 rats
150 creatures vanquished.

Notes
Turn   | Place    | Note
--------------------------------------------------------------
     0 | D:1      | 4thArraOfDagon the Deep Dwarf Fighter began the quest for the Orb.
     0 | D:1      | Reached XP level 1. HP: 20/20 MP: 1/1
    11 | D:1      | jacquesderrida: you had almost died and then died
    28 | D:1      | jacquesderrida: ONAN
    35 | D:1      | jacquesderrida: IS THAT VIDAR
    59 | D:1      | jacquesderrida: VIDAR THAT YOU
   156 | D:3      | Noticed Terence
   161 | D:3      | Reached XP level 2. HP: 22/27 MP: 2/2
   163 | D:3      | Reached skill level 3 in Axes
   177 | D:3      | Killed Terence
   177 | D:3      | jacquesderrida: kool sord dood
   177 | D:3      | Reached XP level 3. HP: 20/34 MP: 3/3
   228 | D:2      | Noticed Robin
   235 | D:2      | Found a glowing silver altar of Zin.
   235 | D:2      | Found a snail-covered altar of Cheibriados.
   238 | D:2      | Became a worshipper of Cheibriados the Contemplative
   251 | D:2      | Killed Robin
   266 | D:2      | Reached XP level 4. HP: 22/42 MP: 4/4
   270 | D:2      | Got an ancient helmet
   276 | D:2      | Identified the cursed +0 helmet "Pehoat" {MP+9 Dex+7} (You took it off Robin on level 2 of the Dungeon)
   309 | D:2      | Reached * piety under Cheibriados
   418 | D:2      | Reached skill level 1 in Invocations
   420 | D:2      | Reached skill level 4 in Axes
   524 | D:4      | Reached ** piety under Cheibriados
   524 | D:4      | Reached XP level 5. HP: 18/49 MP: 6/6
   540 | D:4      | Reached skill level 1 in Dodging
   563 | D:4      | Found a blossoming altar of Fedhas.
   627 | D:4      | Found a glowing drain.
   649 | Sewer    | Entered a sewer
   714 | Sewer    | Reached *** piety under Cheibriados
   774 | Sewer    | Reached XP level 6. HP: 20/56 MP: 7/7
   821 | Sewer    | Reached skill level 5 in Axes
   856 | Sewer    | Reached **** piety under Cheibriados
   931 | D:5      | Entered Level 5 of the Dungeon
  1061 | D:5      | Noticed Pikel
  1061 | D:5      | Noticed a slave
  1061 | D:5      | Noticed a slave
  1062 | D:5      | Noticed a slave
  1063 | D:5      | Noticed a slave
  1080 | D:5      | Killed Pikel
  1080 | D:5      | Reached skill level 6 in Axes
  1080 | D:5      | Reached skill level 5 in Armour
  1080 | D:5      | Reached XP level 7. HP: 39/64 MP: 10/10
  1099 | D:5      | Got a translucent ring mail
  1114 | D:5      | Identified the +4 ring mail of Luenk {rPois} (You found it on level 5 of the Dungeon)
  1163 | D:5      | You fall through a shaft for 2 floors!
  1176 | D:7      | Noticed Amnesiac's ghost (amateur DEWz)
  1198 | D:7      | Killed Amnesiac's ghost
  1198 | D:7      | Reached XP level 8. HP: 22/73 MP: 11/11
  1202 | D:6      | Noticed Grinder
  1204 | D:6      | Paralysed by Grinder for 3 turns
  1222 | D:6      | Paralysed by Grinder for 3 turns
  1229 | D:6      | Killed Grinder
  1229 | D:6      | Reached skill level 7 in Axes
  1229 | D:6      | Reached skill level 5 in Invocations
  1307 | D:6      | Found a sacrificial altar of Ru.
  1480 | D:6      | Reached ***** piety under Cheibriados
  1500 | D:6      | Reached skill level 8 in Axes
  1598 | D:8      | Gained mutation: You passively map the area around you. [Deep Dwarf growth]
  1598 | D:8      | Reached XP level 9. HP: 63/80 MP: 12/12
  1609 | D:8      | Reached skill level 5 in Fighting
  1640 | D:8      | Noticed a deep elf mage
  1650 | D:8      | Slain by an earth elemental

Vault maps used:
D:1:      lightli_arrival_windingriver
D:2:      gammafunk_temple_overflow_elements, uniq_robin
D:3:      marbit_many_paths, tso_metal_star, ecumenical_altar_2, uniq_terence
D:4:      nicolae_overflow_crystal_walls, first_bread, portal_sewer_entry_f,
          elyvilon_altar_4
D:5:      uniq_sigmund, uniq_pikel
D:6:      nicolae_ru_awakened_eye, minmay_temple_entry_fiery, serial_undead,
          serial_undead_b, serial_undead_d, serial_undead_b, serial_undead_f,
          serial_undead_a, serial_undead_c, serial_shops, shop_fountains,
          uniq_grinder, uniq_eustachio
D:7:      lemuel_blue_sif_altar
D:8:      hangedman_pestilent_swarm, corexii_hall_statues_u,
          guppyfry_early_elven_hall
Sewer:    sewer_minmay_w

Skill      XL: |  1  2  3  4  5  6  7  8  9 |
---------------+----------------------------+-----
Axes           | 3 4 6 8 |  8.4
Fighting       | 3 4 5 |  5.2
Invocations    | 2 4 6 |  6.4
Armour         | 4 5 6 |  6.5
Dodging        | 1 2 3 4 |  4.5
Shields        | |  3.2

Action                   |  1- 3 |  4- 6 |  7- 9 || total
-------------------------+-------+-------+-------++-------
Melee: War axe           |    53 |   172 |    99 ||   324
       Hand axe          |       |       |    26 ||    26
Invok: Bend Time         |       |     1 |       ||     1
       Slouch            |       |       |     2 ||     2
 Abil: Device Recharging |       |       |     1 ||     1
Evoke: Wand              |       |     3 |     5 ||     8
  Use: Scroll            |       |     5 |     5 ||    10
       Potion            |       |     2 |     1 ||     3
  Eat: Chunk             |       |       |     1 ||     1
